 Dungeon Crawl Stone Soup version 0.31-a0-145-g046c7d2549 (webtiles) character file.

Game seed: 1936203795203034838

208 pokeman the Magician (level 5, -5/29 HPs)
             Began as a Deep Elf Hedge Wizard on June 4, 2023.
             Killed from afar by Dowan (8 damage)
             ... with a puff of flame
             ... on level 4 of the Dungeon.
             The game lasted 00:07:32 (3948 turns).

pokeman the Magician (Deep Elf Hedge Wizard)        Turns: 3948, Time: 00:07:33

Health: -5/29      AC:  3    Str:  7    XL:     5   Next: 55%
Magic:  11/24      EV: 13    Int: 21    God:
Gold:   175        SH:  0    Dex: 14    Spells: 8/16 levels left

rFire   . . .        h - +0 mace (protect)
rCold   . . .        (no shield)
rNeg    . . .        b - +0 robe
rPois   .            c - +0 hat
rElec   .            (no cloak)
rCorr   .            (no gloves)
SInv    .            e - +0 pair of boots
Will    .....        (no amulet)
Stlth   ++           i - ring of wizardry
HPRegen 0.24/turn    t - ring of magical power
MPRegen 0.19/turn

%: wizardry (x1)
@: on blink cooldown
A: no striking features
a: no special abilities


You were on level 4 of the Dungeon.
You visited 1 branch of the dungeon, and saw 4 of its levels.

You collected 175 gold pieces.

Inventory:

Hand Weapons
 h - a +0 mace of protection (weapon)
Armour
 b - a +0 robe (worn)
 c - a +0 hat (worn)
 e - a +0 pair of boots (worn)
 r - a +0 buckler
Magical Staves
 o - a staff of conjuration
 s - a staff of poison
Jewellery
 i - a ring of wizardry (left hand)
 m - a +5 ring of evasion
 n - a +5 ring of evasion
 t - a ring of magical power (right hand)
Scrolls
 f - a scroll of immolation {unknown}
 j - 3 scrolls of identify {unknown}
 k - a scroll of vulnerability {unknown}
 p - a scroll of blinking {unknown}
Potions
 a - a potion of resistance {unknown}
 d - a potion of magic
 g - a potion of heal wounds {unknown}
 l - a potion of haste {unknown}
 q - a potion of enlightenment {unknown}
 u - a potion of brilliance {unknown}


   Skills:
 - Level 1.0 Fighting
 - Level 1.2 Armour
 - Level 3.0 Dodging
 - Level 3.0 Stealth
 + Level 0.5 Shields
 * Level 6.4 Spellcasting
 + Level 2.6 Conjurations
 - Level 1.1 Summonings
 - Level 1.1 Translocations
 + Level 0.6 Air Magic


You had 8 spell levels left.
You knew the following spells:

 Your Spells              Type           Power      Damage    Failure   Level
a - Magic Dart            Conj           72%        1d6       1%          1
b - Mephitic Cloud        Conj/Pois/Air  11%        N/A       8%          3
c - Call Imp              Summ           22%        N/A       3%          2
d - Blink                 Tloc           22%        N/A       3%          2

Your spell library contained the following spells:

 Spells                   Type           Power      Damage    Failure   Level
 Shock                    Conj/Air       52%        1d6       1%          1
 Slow                     Hex            24%        N/A       4%          1
 Cigotuvi's Dreadful Rot  Necr/Pois/Air  14%        N/A       5%          2
 Portal Projectile        Hex/Tloc       18%        N/A       9%          3
 Swiftness                Air            9%         N/A       9%          3
 Confusing Touch          Hex            6%         N/A       12%         3
 Tukima's Dance           Hex            6%         N/A       12%         3
 Vampiric Draining        Necr           6%         2d6       12%         3
 Airstrike                Air            4%         2d(1-17)  26%         4
 Blade Hands              Tmut           3%         N/A       67%         5


Dungeon Overview and Level Annotations

Branches:
Dungeon (4/15)
 Temple: D:4-7

Altars:

Shops:
D:4 *

Annotations:
D:4 Dowan, Duvessa, Pikel


Message History

The orc priest is engulfed in noxious fumes.
The orc priest appears confused.
The orc priest hits you with a +0 whip.
* * * LOW HITPOINT WARNING * * *
Unknown command.
You closely miss the orc priest.
You are engulfed in noxious fumes.
You choke on the stench!
You are more confused.
The orc priest is engulfed in noxious fumes.
The orc priest appears confused.
The orc priest barely misses you.
Dowan casts a spell.
Dowan blinks!
You're too confused to move!
The orc priest is engulfed in noxious fumes.
The orc priest appears confused.
The orc priest barely misses you.
Unknown command.
You feel less confused.
The orc priest is engulfed in noxious fumes.
Casting: Mephitic Cloud (quite dangerous; 8% risk of failure)
Confirm with . or Enter, or press ? or * to list all spells.
The spell is quite dangerous to miscast (8% risk of failure)!
Continue anyway?
Aiming: Mephitic Cloud (quite dangerous; 8% risk of failure)
Press: ? - help, Shift-Dir - straight line, f/p - orc priest
Aim: an orc priest, wielding a +0 whip and wearing a +0 leather armour (confused, chance to affect: 86%) That beam is likely to hit you.
Continue anyway?
Okay, then.
Casting: Mephitic Cloud (quite dangerous; 8% risk of failure)
Confirm with . or Enter, or press ? or * to list all spells.
The spell is quite dangerous to miscast (8% risk of failure)!
Continue anyway?
Aiming: Mephitic Cloud (quite dangerous; 8% risk of failure)
Press: ? - help, Shift-Dir - straight line, f - Dowan, p - orc priest
Aim: Dowan, wielding a +3 dagger of freezing and wearing a +0 robe (lightly wounded, chance to affect: 86%) That beam is likely to hit you.
Continue anyway?
Okay, then.
Unknown command.
Casting: Mephitic Cloud (quite dangerous; 8% risk of failure)
Confirm with . or Enter, or press ? or * to list all spells.
You blink.
Dowan gestures at you while chanting. The puff of flame hits you!
You die...

...##....##....##....##.......##.
##.. )##.. .##.. .##..#..........
##.# .##.# .##.# .##.#.....#....#
!..##....##....##....##........##
#.#..##.#..##.#..##.#............
.##..#.##..#.##..#)##..#.........
.Wh##.$W.##....##....##....##..##
##..#.##..#.##..#.##..##...##....
##.#..##.#..##.#@.##.#.#..##.$.#.
...##....##....##....###.......##
#.#..##.#..##.#..##.#eo##...##..#
.##..#.##..#.##..#.##..#........#
...##....##....##..oW####......##
##..#.##..#.##..#§##..# ###...##
##.#..##.#..##.#..##.#.# #####
h..##o...##...§##.†))###
#.#..##.#..##.#..##.#..#


You could see Dowan and an orc priest (confused).

Vanquished Creatures
  A hound (D:4)
  An orc wizard (D:4)
  3 gnolls (D:4)
  3 adders (D:3)
  An ufetubus (D:3)
  2 worms
  3 orcs (D:4)
  8 endoplasms
  7 giant cockroaches
  4 goblins
  6 hobgoblins
  3 jackals (D:1)
  4 quokkas
  9 ball pythons
  10 bats
  4 frilled lizards
  7 kobolds
  8 rats
84 creatures vanquished.

Notes
Turn   | Place    | Note
-------+----------+-------------------------------------------
     0 | D:1      | pokeman the Deep Elf Hedge Wizard began the quest for the
                  | Orb.
     0 | D:1      | Reached XP level 1. HP: 10/10 MP: 7/7
   377 | D:1      | Reached XP level 2. HP: 15/15 MP: 6/9
   990 | D:1      | Reached skill level 5 in Spellcasting
  1290 | D:2      | Reached XP level 3. HP: 19/20 MP: 11/11
  1295 | D:2      | Learned a level 3 spell: Mephitic Cloud
  1298 | D:2      | Learned a level 2 spell: Call Imp
  1301 | D:2      | Learned a level 2 spell: Blink
  1804 | D:2      | Reached skill level 1 in Fighting
  2034 | D:2      | Reached skill level 1 in Armour
  2647 | D:3      | Reached XP level 4. HP: 25/25 MP: 9/13
  3522 | D:4      | Found Fowemapp's Fabulous Fripperies.
  3547 | D:4      | Reached skill level 6 in Spellcasting
  3683 | D:4      | Reached XP level 5. HP: 29/29 MP: 15/15
  3739 | D:4      | Noticed Pikel
  3739 | D:4      | Noticed a lemure
  3739 | D:4      | Noticed a lemure
  3739 | D:4      | Noticed a lemure
  3750 | D:4      | Noticed a phantom
  3926 | D:4      | Noticed Dowan
  3929 | D:4      | Noticed Duvessa
  3948 | D:4      | Killed from afar by Dowan

Illustrated notes

Levels and vault maps discovered:
D:1:      saegor_arrival_under_anarchy, layout_basic,
          nicolae_figureground_sparkle
D:2:      layout_loops_ring, minmay_quadrilaterals
D:3:      minmay_octagon_keep, layout_loops_ring
D:4:      layout_cave_pools, portal_sewer_entry_e, nicolae_eternal_life,
          nicolae_alphabet_shops, uniq_duvessa, uniq_pikel

Skill      XL: |  1  2  3  4 |
---------------+-------------+-----
Spellcasting   | 5 6 |  6.4
Fighting       | 1 |  1.0
Armour         | 1 |  1.2
Conjurations   | 2 |  2.6
Dodging        | 3 |  3.0
Stealth        | 3 |  3.0
Shields        | |  0.5
Summonings     | |  1.1
Translocations | |  1.1
Air Magic      | |  0.6

Action                     |  1- 3 |  4- 6 || total
---------------------------+-------+-------++-------
  Melee: Mace              |     6 |    47 ||    53
         Punch             |     1 |     1 ||     2
   Cast: Magic Dart        |   124 |    77 ||   201
         Mephitic Cloud    |       |     7 ||     7
         Blink             |       |     1 ||     1
         Call Imp          |       |     1 ||     1
 Armour: Robe              |     3 |    16 ||    19
  Dodge: Dodged            |    15 |    70 ||    85

Table legend: (Time is in decaauts)
 A = Elapsed time spent in this place.
 B = Non-inter-level travel time spent in this place.
 C = Inter-level travel time spent in this place.
 D = Time resting spent in this place.
 E = Time spent auto-exploring this place.
 F = Levels seen in this place.
 G = Mean time per level.
                   A        B        C        D        E       F      G
               +--------+--------+--------+--------+--------+-----+--------+
         Total |   3967 |   3819 |    148 |    197 |   2967 |   4 |  991.8 |
       Dungeon |   3967 |   3819 |    148 |    197 |   2967 |   4 |  991.8 |
               +--------+--------+--------+--------+--------+-----+--------+

Top non-repeatable levels by time:
     D:3: 1446 daAuts
     D:1: 1188 daAuts
     D:2: 1055 daAuts
     D:4: 277 daAuts
